 Dungeon Crawl Stone Soup version 0.31-a0-1499-ge0622b2318 (webtiles) character file.

Game seed: 13750600494964259932

156 demibob the Slasher (level 5, -2/41 HPs)
             Began as a Demonspawn Berserker on Dec 30, 2023.
             Was a Believer of Trog.
             Slain by an orc
             ... wielding a +0 war axe
              (9 damage)
             ... on level 3 of the Dungeon.
             The game lasted 00:02:21 (1959 turns).

demibob the Slasher (Demonspawn Berserker)          Turns: 1959, Time: 00:02:22

Health: -2/41      AC:  3    Str: 17    XL:     5   Next: 15%
Magic:  5/5        EV: 12    Int:  7    God:    Trog [**....]
Gold:   32         SH:  0    Dex: 15    Spells: 4/4 levels left

rFire   . . .        a - +0 falchion
rCold   . . .        (no shield)
rNeg    . . .        b - +1 animal skin
rPois   .            (no helmet)
rElec   .            (no cloak)
rCorr   .            (no gloves)
SInv    .            (no boots)
Will    .....        (no amulet)
Stlth   +            (no ring)
HPRegen 0.26/turn    (no ring)
MPRegen 0.18/turn

%: no passive effects
@: on berserk cooldown, slowed, very slow
A: claws 1, magic regeneration
a: Renounce Religion, Berserk, Trog's Hand


You were on level 3 of the Dungeon.
You worshipped Trog.
Trog was pleased with you.
You visited 1 branch of the dungeon, and saw 3 of its levels.

You collected 32 gold pieces.


Innate Abilities, Weirdness & Mutations

You have sharp fingernails.
You regenerate magic rapidly.


   Skills:
 - Level 3.0 Fighting
 + Level 5.4 Long Blades
 - Level 1.7 Armour
 - Level 1.7 Dodging


You had 4 spell levels left.
You didn't know any spells.
Your spell library was empty.

Inventory:

Hand Weapons
 a - a +0 falchion (weapon)
Armour
 b - a +1 animal skin (worn)
Jewellery
 v - a ring of see invisible
Scrolls
 f - 3 scrolls of identify {@r1}
Potions
 c - 2 potions of magic
 d - a potion of mutation {unknown}
 e - a potion of degeneration {unknown}
 i - a potion of resistance {unknown}
 k - 2 potions of might

Dungeon Overview and Level Annotations

Branches:
Dungeon (3/15)

Altars:

#.# #######.#
#.......#
..###...########
. #!#...†.......
.. #.##...######
#...#.#...## #..
#.##..####
##...#†#)@o..#
##.$##†####o.#
##...#†.(# ..#
#.....#..!#
#.#...#..?#
.....##.#### .
.... # #..##
#...


You could see 2 orcs.


Message History

You kill the frilled lizard!
Trog accepts your kill.
You start resting.
An orc comes into view.
It is wielding a +0 war axe and quivering poisoned darts.
The orc throws a poisoned dart.
The poisoned dart hits you!
You are poisoned.
You feel very sick.
Things that are here:
a +0 hand axe; an orc corpse You are too injured to fight recklessly!
You are too injured to fight recklessly!
You feel sick. The orc hits you with a +0 war axe.
* * * LOW HITPOINT WARNING * * *
The orc closely misses you.
You hit the orc.
The orc is heavily wounded.
You feel sick. The orc closely misses you.
An orc comes into view. It is wielding a +0 flail.
You closely miss the orc.
The orc is heavily wounded.
You feel sick.
The orc shouts!
The orc misses you. The orc hits you with a +0 war axe.
* * * LOW HITPOINT WARNING * * *
You barely miss the orc.
The orc is heavily wounded.
You feel sick.
You are no longer poisoned.
The orc hits you with a +0 war axe!
You die...

Skill      XL: |  1  2  3  4 |
---------------+-------------+-----
Long Blades    | 3 4 5 |  5.4
Fighting       | |  3.0
Armour         | |  1.7
Dodging        | |  1.7

Action                     |  1- 3 |  4- 6 || total
---------------------------+-------+-------++-------
  Melee: Falchion          |   143 |    32 ||   175
 Invoke: Berserk           |       |     1 ||     1
    Use: Scroll            |     9 |       ||     9
   Stab: Sleeping          |     2 |     1 ||     3
 Armour: Animal skin       |    84 |    16 ||   100
  Dodge: Dodged            |   100 |    25 ||   125

Levels and vault maps discovered:
D:1:      sevenhm_arrival_forest_fort_large_2, layout_loops_cross,
          nrook_loot_triangle, feat_on_display
D:2:      minmay_recursive_quarters, layout_loops_cross, grunt_decor_resistance
D:3:      layout_loops_ring, nicolae_yredelemnul_corpse_copse,
          minmay_crystal_room, minmay_vboxes, uniq_natasha

Notes
Turn   | Place    | Note
-------+----------+-------------------------------------------
     0 | D:1      | demibob the Demonspawn Berserker began the quest for the
                  | Orb.
     0 | D:1      | Reached XP level 1. HP: 18/18 MP: 1/1
   112 | D:1      | Reached skill level 3 in Long Blades
   192 | D:1      | Gained mutation: You have sharp fingernails. [demonic
                  | ancestry]
   192 | D:1      | Reached XP level 2. HP: 8/24 MP: 2/2
  1114 | D:2      | Reached XP level 3. HP: 25/29 MP: 3/3
  1138 | D:2      | Reached ** piety under Trog
  1177 | D:2      | Reached skill level 4 in Long Blades
  1892 | D:3      | Reached XP level 4. HP: 33/35 MP: 4/4
  1901 | D:3      | Noticed Natasha
  1909 | D:3      | Killed Natasha
  1935 | D:3      | Noticed Natasha
  1945 | D:3      | Reached skill level 5 in Long Blades
  1950 | D:3      | Killed Natasha
  1951 | D:3      | Gained mutation: You regenerate magic rapidly. [demonic
                  | ancestry]
  1951 | D:3      | Reached XP level 5. HP: 33/41 MP: 5/5
  1959 | D:3      | Slain by an orc

Vanquished Creatures
  An orc priest (D:3)
  Natasha (twice) (D:3)
  2 adders
  A ribbon worm (D:3)
  4 bats
  5 endoplasms
  2 giant cockroaches
  7 goblins
  11 hobgoblins
  3 quokkas
  2 ball pythons
  2 frilled lizards
  5 kobolds
  3 rats
50 creatures vanquished.

Table legend: (Time is in decaauts)
 A = Elapsed time spent in this place.
 B = Non-inter-level travel time spent in this place.
 C = Inter-level travel time spent in this place.
 D = Time resting spent in this place.
 E = Time spent auto-exploring this place.
 F = Levels seen in this place.
 G = Mean time per level.
                   A        B        C        D        E       F      G
               +--------+--------+--------+--------+--------+-----+--------+
         Total |   1977 |   1917 |     60 |    129 |   1441 |   3 |  659.0 |
       Dungeon |   1977 |   1917 |     60 |    129 |   1441 |   3 |  659.0 |
               +--------+--------+--------+--------+--------+-----+--------+

Top non-repeatable levels by time:
     D:1: 1056 daAuts
     D:2: 774 daAuts
     D:3: 146 daAuts

Table legend:
 A = Non-vault XP
 B = Vault XP
 C = Vault XP percentage of total XP
 D = Non-vault monster count
 E = Vault monster count
 F = Vault count percentage of total count
                 A         B        C        D         E       F
            +---------+---------+-------+---------+---------+-------
      Total |     164 |      60 |  26.8 |      39 |      11 |  22.0
            +---------+---------+-------+---------+---------+-------
        D:1 |      34 |       0 |   0.0 |      20 |       0 |   0.0
        D:2 |      35 |      11 |  23.9 |      14 |       6 |  30.0
        D:3 |      95 |      49 |  34.0 |       5 |       5 |  50.0
            +---------+---------+-------+---------+---------+-------
